 Dungeon Crawl Stone Soup version 0.26-a0-952-g76694b35de (webtiles) character file.

Game seed: 1704485291082366207

296 marklar909 the Ruffian (level 6, -7/61 HPs)
             Began as a Troll Delver on Nov 30, 2020.
             Killed by divine providence
             ... invoked by an orc priest
              (15 damage)
             ... on level 3 of the Dungeon.
             The game lasted 00:03:00 (2409 turns).

marklar909 the Ruffian (Troll Delver)               Turns: 2409, Time: 00:03:00

Health: -7/61      AC:  7    Str: 21    XL:     6   Next: 12%
Magic:  0/5        EV: 10    Int:  6    God:
Gold:   180        SH:  0    Dex: 13    Spells: 5/5 levels left

rFire    . . .     SeeInvis .     - Unarmed
rCold    . . .     Faith    .   (no shield)
rNeg     . . .     Spirit   +   a - +0 robe
rPois    .         Reflect  .   (helmet restricted)
rElec    .         Harm     .   i - +0 cloak {MR+}
rCorr    .         Rampage  .   (gloves unavailable)
MR       +....                  (boots unavailable)
Stlth    ++........             n - amulet of guardian spirit
HPRegen  0.60/turn              (no ring)
MPRegen  0.09/turn              (no ring)

@: lethally poisoned (-7 -> -8), lightly drained
A: large, unfitting armour, claws 3, regeneration 1, shaggy fur 1, tough skin 3
a: no special abilities


You were on level 3 of the Dungeon.
You visited 1 branch of the dungeon, and saw 5 of its levels.

You collected 180 gold pieces.

Inventory:

Missiles
 s - 8 poisoned darts (quivered)
Armour
 a - a +0 robe (worn)
 i - a +0 cloak of magic resistance (worn)
Jewellery
 n - an amulet of guardian spirit (around neck)
 q - an uncursed ring of poison resistance {unknown}
Wands
 f - a wand of digging (3)
Scrolls
 b - a scroll of fog
 c - a scroll of magic mapping
 d - a scroll of fear
 g - 3 scrolls of enchant weapon {unknown}
 h - 3 scrolls of identify {unknown}
 j - 4 scrolls of teleportation {unknown}
 k - a scroll of amnesia {unknown}
 l - 3 scrolls of remove curse {unknown}
 m - 2 scrolls of enchant armour {unknown}
 p - a scroll of random uselessness {unknown}
Potions
 e - a potion of haste
 o - a potion of flight {unknown}
 r - a potion of mutation {unknown}
 t - a potion of lignification {unknown}


   Skills:
 * Level 3.1(2.8) Fighting
 * Level 2.9(2.5) Dodging
 - Level 3.1(2.7) Stealth
 + Level 3.8(3.4) Unarmed Combat
 * Level 1.5(1.1) Evocations


You had 5 spell levels left.
You didn't know any spells.
Your spell library was empty.

Dungeon Overview and Level Annotations

Branches:
Dungeon (5/15)
 Temple: D:4-7

Altars:
Cheibriados
Sif Muna
Uskayaw
Xom
Yredelemnul
Zin


Innate Abilities, Weirdness & Mutations

You are too large for most types of armour.
You have claws for hands.
Your natural rate of healing is unusually fast.
You are covered in fur. (AC +1)
You have extremely tough skin. (AC +3)


Message History

Unknown command.
You claw something!
Reactivating autopickup.
You feel a bit more experienced.
The orc priest mumbles some strange prayers to Beogh against you.
You resist with some effort.
The orc priest hits you with a +0 short sword.
Items here: )) [ ††.
You barely miss the orc priest.
You feel sick.
The orc priest invokes the aid of Beogh against you.
Beogh smites you!
* * * LOW HITPOINT WARNING * * *
You completely miss the orc priest.
The orc priest hits you with a +0 short sword.
* * * LOW HITPOINT WARNING * * *
You claw the orc priest!
The orc priest is severely wounded.
The orc priest invokes the aid of Beogh against you.
Beogh smites you!
You die...

.'...............................
##............#############...###
##.........##.#...............# #
..#..........).##.##########..###
#.#######..[.<.##.# #..... #...#
#......##.##########.#### ###.###
#......##.............# #
###...###.....o#############..#
..............oo@.....## #..#
#####.###......######..# #..# ###
#.# #......# ##.## #..### ..###.#
#...g..# #..# #..... ......#
#....o.# ##.# #.###. ..#####
#......# #.# #.# #. ..# #......#
#.####.###. ..# #......#
#.##....... ..#
#......########.##.......


You could see an orc priest, 2 orcs and a hobgoblin.

Vanquished Creatures
  Crazy Yiuf (D:2)
  3 orc wizards
  A worker ant (D:3)
  6 adders
  2 worms
  4 dart slugs (D:2)
  6 leopard geckos
  5 orcs
  3 giant cockroaches
  9 goblins
  7 hobgoblins
  6 jackals
  3 quokkas
  3 ball pythons
  6 bats
  6 frilled lizards
  5 kobolds
  3 rats
79 creatures vanquished.

Vanquished Creatures (others)
  3 fungi (D:2)
3 creatures vanquished.

Grand Total: 82 creatures vanquished

Notes
Turn   | Place    | Note
-------+----------+-------------------------------------------
     0 | D:5      | marklar909 the Troll Delver began the quest for the Orb.
     0 | D:5      | Reached XP level 1. HP: 22/22 MP: 0/0
    18 | D:5      | Reached XP level 2. HP: 29/29 MP: 1/1
    72 | D:3      | Found a shimmering blue altar of Sif Muna.
    74 | D:3      | Noticed a +0 dagger
    79 | D:3      | Noticed a +0 hand axe
    97 | D:3      | Found a hide-covered altar of Uskayaw.
   209 | D:3      | Reached XP level 3. HP: 18/36 MP: 2/2
   296 | D:2      | Found a shimmering altar of Xom.
   337 | D:2      | Reached XP level 4. HP: 27/44 MP: 3/3
   344 | D:2      | Reached skill level 1 in Evocations
   435 | D:2      | Found a snail-covered altar of Cheibriados.
   639 | D:1      | Reached XP level 5. HP: 49/52 MP: 4/4
  1254 | D:2      | Found a runed translucent door.
  1255 | D:2      | Noticed Crazy Yiuf
  1283 | D:2      | Found a glowing silver altar of Zin.
  1852 | D:2      | Killed Crazy Yiuf
  2300 | D:3      | Found a basalt altar of Yredelemnul.
  2398 | D:3      | Reached XP level 6. HP: 38/61 MP: 5/5
  2409 | D:3      | Killed from afar by an orc priest

Illustrated notes

Levels and vault maps discovered:
D:1:      kennysheep_arrival_forest, layout_loops_ring, minmay_split_cup_small
D:2:      layout_basic, nicolae_overflow_crystal_walls, kennysheep_slug_shrine,
          xom_teletrap_fun, uniq_crazy_yiuf_cottage
D:3:      layout_basic, dancing_weapons_uskayaw, general_overflow_altar,
          lemuel_crystal_altar, minmay_three_crescents
D:4:      layout_loops_ring, kiku_gazebo_pond_becter, marbit_many_paths,
          minmay_quantized
D:5:      layout_rooms, serial_shops, shop

Skill      XL: |  1  2  3  4  5 |
---------------+----------------+-----
Stealth        | 3 |  3.1
Dodging        | 2 |  2.9
Evocations     | 1 |  1.5
Unarmed Combat | 3 |  3.8
Fighting       | 3 |  3.1

Action                   |  1- 3 |  4- 6 || total
-------------------------+-------+-------++-------
Melee: Unarmed           |    65 |   163 ||   228
 Stab: Sleeping          |     2 |    13 ||    15
Armor: Robe              |    30 |    53 ||    83
Dodge: Dodged            |    33 |    73 ||   106

Table legend: (Time is in decaauts)
 A = Elapsed time spent in this place.
 B = Non-inter-level travel time spent in this place.
 C = Inter-level travel time spent in this place.
 D = Time resting spent in this place.
 E = Time spent auto-exploring this place.
 F = Levels seen in this place.
 G = Mean time per level.
                   A        B        C        D        E       F      G
               +--------+--------+--------+--------+--------+-----+--------+
         Total |   2405 |   2091 |    314 |     48 |   1533 |   5 |  481.0 |
       Dungeon |   2405 |   2091 |    314 |     48 |   1533 |   5 |  481.0 |
               +--------+--------+--------+--------+--------+-----+--------+

Top non-repeatable levels by time:
     D:2: 1297 daAuts
     D:1: 582 daAuts
     D:3: 454 daAuts
     D:4: 51 daAuts
     D:5: 20 daAuts
